 Dungeon Crawl Stone Soup version 0.27-a0-1317-gd1140b374c (webtiles) character file.

Game seed: 6280108366844520484

38 Ijustatesigmund the Chopper (level 3, -3/33 HPs)
             Began as a Hill Orc Fighter on June 21, 2021.
             Slain by Sigmund (7 damage)
             ... on level 2 of the Dungeon.
             The game lasted 00:01:32 (1208 turns).

Ijustatesigmund the Chopper (Hill Orc Fighter)      Turns: 1208, Time: 00:01:33

Health: -3/33      AC: 10    Str: 18    XL:     3   Next: 43%
Magic:  3/3        EV:  4    Int:  8    God:
Gold:   34         SH:  9    Dex: 11    Spells: 2/2 levels left

rFire    . . .     SeeInvis .   a - +0 war axe
rCold    . . .     Faith    .   c - +0 kite shield
rNeg     . . .     Spirit   .   b - +0 chain mail
rPois    .         Reflect  .   (no helmet)
rElec    .         Harm     .   (no cloak)
rCorr    .         Rampage  .   (no gloves)
Will     .....                  e - +0 pair of boots
Stlth    ..........             (no amulet)
HPRegen  0.11/turn              (no ring)
MPRegen  0.08/turn              (no ring)

@: mighty, lethally poisoned (-3 -> -10)
A: no striking features
a: no special abilities


You were on level 2 of the Dungeon.
You visited 1 branch of the dungeon, and saw 2 of its levels.

You collected 34 gold pieces.

Inventory:

Hand Weapons
 a - a +0 war axe (weapon)
Armour
 b - a +0 chain mail (worn)
 c - a +0 kite shield (worn)
 e - a +0 pair of boots (worn)
Scrolls
 f - a scroll of magic mapping {unknown}
 g - a scroll of noise {unknown}
Potions
 h - 2 potions of lignification {unknown}


   Skills:
 + Level 4.2 Fighting
 * Level 4.4 Axes
 - Level 3.2 Armour
 - Level 3.2 Shields


You had 2 spell levels left.
You didn't know any spells.
Your spell library was empty.

Dungeon Overview and Level Annotations

Branches:
Dungeon (2/15)

Altars:

Annotations:
D:2 Sigmund


Message History

You kill the kobold!
No target in view!
No target in view!
No target in view!
No target in view!
No target in view!
No target in view!
No target in view!
No target in view!
No target in view!
Things that are here:
a +0 short sword; a kobold corpse A worm and Sigmund come into view.
Sigmund shouts!
A kobold comes into view. It is wielding a +0 dagger.
Sigmund casts a spell.
Sigmund flickers and vanishes!
Deactivating autopickup; reactivate with Ctrl-A.
An adder, 2 rats and a worm come into view.
You slash the worm!
The worm is heavily wounded.
Something hits you. The worm bites you but does no damage.
Something hits you but does no damage.
Unknown command.
You feel very mighty all of a sudden. The adder bites you but does no damage.
You block the worm's attack. Something hits you but does no damage.
The adder bites you but does no damage. Something hits you! Something hits you.
You closely miss something. You miss the adder. You block the adder's attack.
Something hits you! The adder bites you but does no damage.
You miss something. You barely miss the adder. You slash the rat!
You kill the rat!
The adder bites you but does no damage. Something hits you!
* * * LOW HITPOINT WARNING * * *
The adder bites you.
* * * LOW HITPOINT WARNING * * *
You are lethally poisoned!
The adder poisons you! Something hits you!
You die...

#.....).#.#.##
#......##.#...
#####.....#..
#####.#.. #.#.####
#.#....####
######.#.../...###
#.>.).....w......#
#......#@Sw.r.....
#......#{###.####.
###....#K# ..
####.#.# r.# #.#.#
.# #.#.. .. ###..
. #.. #...


You could see 2 worms, an adder, a kobold and a rat.

Vanquished Creatures
  An adder (D:2)
  3 ball pythons (D:1)
  2 endoplasms (D:1)
  4 goblins
  3 hobgoblins (D:1)
  5 jackals (D:1)
  3 kobolds
  2 bats (D:1)
  A frilled lizard (D:1)
  A rat (D:2)
25 creatures vanquished.

Vanquished Creatures (others)
  13 demonic plants (D:1)
  7 fungi (D:1)
  7 plants (D:1)
  2 withered plants (D:1)
29 creatures vanquished.

Grand Total: 54 creatures vanquished

Notes
Turn   | Place    | Note
-------+----------+-------------------------------------------
     0 | D:1      | Ijustatesigmund the Hill Orc Fighter began the quest for
                  | the Orb.
     0 | D:1      | Reached XP level 1. HP: 19/19 MP: 1/1
    29 | D:1      | Reached XP level 2. HP: 19/27 MP: 2/2
   560 | D:1      | Found a faded altar of an unknown god.
   872 | D:1      | Reached XP level 3. HP: 31/33 MP: 3/3
  1198 | D:2      | Noticed Sigmund
  1208 | D:2      | Slain by Sigmund

Illustrated notes

Levels and vault maps discovered:
D:1:      dpeg_arrival_boxorama, layout_rooms, shapermc_ecumenical_altar_gd,
          st_stairs_12, due_unseen_surprise
D:2:      minmay_recursive_quarters, layout_rooms, basic_altar, uniq_jessica,
          uniq_sigmund, uniq_robin, uniq_natasha

Skill      XL: |  1  2 |
---------------+-------+-----
Axes           | 3 4 |  4.4
Fighting       | 4 |  4.2
Armour         | |  3.2
Shields        | |  3.2

Action                   || total
-------------------------++-------
Melee: War axe           ||   145
  Use: Potion            ||     1
Armor: Scale mail        ||    34
       Chain mail        ||    37
Dodge: Dodged            ||    36
Block: Kite shield       ||    53

Table legend: (Time is in decaauts)
 A = Elapsed time spent in this place.
 B = Non-inter-level travel time spent in this place.
 C = Inter-level travel time spent in this place.
 D = Time resting spent in this place.
 E = Time spent auto-exploring this place.
 F = Levels seen in this place.
 G = Mean time per level.
                   A        B        C        D        E       F      G
               +--------+--------+--------+--------+--------+-----+--------+
         Total |   1287 |   1287 |      0 |    188 |    725 |   2 |  643.5 |
       Dungeon |   1287 |   1287 |      0 |    188 |    725 |   2 |  643.5 |
               +--------+--------+--------+--------+--------+-----+--------+

Top non-repeatable levels by time:
     D:1: 1246 daAuts
     D:2: 41 daAuts
